 Dungeon Crawl Stone Soup version 0.28-a0-312-gbced6e68ee (webtiles) character file.

Game seed: 201505116984256368

133 pokeman the Magician (level 4, -1/25 HPs)
             Began as a Deep Elf Hedge Wizard on Aug 30, 2021.
             Slain by an orc (4 damage)
             ... on level 3 of the Dungeon.
             The game lasted 00:05:03 (3940 turns).

pokeman the Magician (Deep Elf Hedge Wizard)        Turns: 3940, Time: 00:05:05

Health: -1/25      AC:  3    Str:  7    XL:     4   Next: 93%
Magic:  1/13       EV: 12    Int: 20    God:
Gold:   68         SH:  0    Dex: 14    Spells: 3/14 levels left

rFire   . . .      SeeInvis .   e - +0 hand axe
rCold   . . .      Faith    .   (no shield)
rNeg    . . .      Spirit   .   n - +0 leather armour
rPois   .          Reflect  .   c - +0 hat
rElec   .          Harm     .   (no cloak)
rCorr   .          Rampage  .   (no gloves)
Will    +....                   (no boots)
Stlth   ++........              (no amulet)
HPRegen 0.08/turn               d - ring of willpower
MPRegen 0.13/turn               (no ring)

@: no status effects
A: no striking features
a: no special abilities


You were on level 3 of the Dungeon.
You visited 1 branch of the dungeon, and saw 3 of its levels.

You collected 68 gold pieces.

Inventory:

Hand Weapons
 e - a +0 hand axe (weapon)
Missiles
 h - 31 arrows
Armour
 c - a +0 hat (worn)
 n - a +0 leather armour (worn)
Jewellery
 d - a ring of willpower (left hand)
Scrolls
 a - 2 scrolls of identify {unknown}
 b - a scroll of fog {unknown}
 f - a scroll of immolation {unknown}
 g - a scroll of magic mapping {unknown}
 j - a scroll of fear {unknown}
 k - 2 scrolls of teleportation {unknown}
 m - a scroll of vulnerability {unknown}
Potions
 i - a potion of magic {unknown}
 l - 2 potions of curing {unknown}
 o - a potion of mutation {unknown}


   Skills:
 - Level 1.0 Fighting
 - Level 1.0 Armour
 + Level 2.9 Dodging
 - Level 2.4 Stealth
 * Level 5.9 Spellcasting
 + Level 2.4 Conjurations
 - Level 1.1 Summonings
 - Level 1.1 Translocations
 - Level 1.0 Fire Magic
 + Level 0.5 Air Magic


You had 3 spell levels left.
You knew the following spells:

 Your Spells              Type           Power      Damage    Failure   Level
a - Magic Dart            Conj           60%        1d6       5%          1
b - Mephitic Cloud        Conj/Pois/Air  9%         N/A       30%         3
c - Call Imp              Summ           10%        N/A       14%         2
d - Blink                 Tloc           N/A        N/A       14%         2
e - Conjure Flame         Conj/Fire      12%        6-21      22%         3

Your spell library contained the following spells:

 Spells                   Type           Power      Damage    Failure   Level
 Slow                     Hex            5%         N/A       24%         2


Dungeon Overview and Level Annotations

Branches:
Dungeon (3/15)

Altars:


Message History

Confirm with . or Enter, or press ? or * to list all spells.
The spell is extremely dangerous to cast (30% risk of failure)!
Continue anyway?
Aiming: Mephitic Cloud (extremely dangerous; 30% risk of failure)
Press: ? - help, Shift-Dir - straight line, f - orc
Aim: an orc, wielding a +0 trident (chance to affect: 96%)
The ball explodes into a vile cloud!
The stinking cloud engulfs the orc but does no damage. x2
The orc is engulfed in noxious fumes.
The orc appears confused.
The orc barely misses the orc.
Unknown command.
Unknown command.
The orc is engulfed in noxious fumes.
The orc closely misses you.
The orc priest calls down the wrath of Beogh upon you.
Beogh smites you!
Things that are here:
a +0 hand axe; a +0 leather armour; 9 gold pieces You hit the orc.
The orc is heavily wounded.
The orc is engulfed in noxious fumes.
The orc appears confused.
The orc closely misses you.
The orc hits you from afar with a +0 trident.
The orc is engulfed in noxious fumes.
The orc appears confused.
The orc hits you but does no damage.
You hit the orc but do no damage.
The orc is almost dead.
The orc hits you with a +0 trident.
* * * LOW HITPOINT WARNING * * *
Unknown command.
Casting: Mephitic Cloud (extremely dangerous; 30% risk of failure)
Confirm with . or Enter, or press ? or * to list all spells.
A beastly little devil appears in a puff of frigid air.
The orc misses you.
Your white imp barely misses the orc.
Casting: Call Imp (safe; 14% risk of failure)
Confirm with . or Enter, or press ? or * to list all spells.
A beastly little devil appears in a puff of frigid air.
Your white imp disappears in a puff of smoke!
The orc closely misses the orc.
The orc hits you from afar with a +0 trident.
You die...

##########
#.....###.# ...#
##..).....# #..#
########...†.#####
...# #.....##.....#
#..###.....##.....#
...†.......###...##
.#.###.....# ###5#
...# #.....# #.#
#### ####### #@# #
. #o# #
....######o# #
.....goo.o§# #
.....####### # ...
. . #


You could see an orc priest, 2 orcs and a friendly white imp (summoned).

Vanquished Creatures
  A hound skeleton (D:3)
  4 gnolls (D:2)
  3 adders
  A dart slug (D:1)
  2 orcs (D:3)
  2 bats
  7 endoplasms
  4 giant cockroaches
  5 goblins
  3 hobgoblins
  4 jackals (D:2)
  2 quokkas (D:2)
  4 ball pythons
  A frilled lizard (D:1)
  3 kobolds (D:2)
  5 rats
51 creatures vanquished.

Notes
Turn   | Place    | Note
-------+----------+-------------------------------------------
     0 | D:1      | pokeman the Deep Elf Hedge Wizard began the quest for the
                  | Orb.
     0 | D:1      | Reached XP level 1. HP: 10/10 MP: 7/7
   351 | D:1      | Found a faded altar of an unknown god.
   549 | D:1      | Reached XP level 2. HP: 15/15 MP: 6/9
  1447 | D:2      | Reached skill level 5 in Spellcasting
  1761 | D:2      | Reached XP level 3. HP: 20/20 MP: 9/11
  1765 | D:2      | Learned a level 3 spell: Mephitic Cloud
  1768 | D:2      | Learned a level 2 spell: Call Imp
  1771 | D:2      | Learned a level 2 spell: Blink
  1775 | D:2      | Learned a level 3 spell: Conjure Flame
  2137 | D:2      | Reached skill level 1 in Fighting
  2137 | D:2      | Reached skill level 1 in Armour
  2168 | D:2      | Reached XP level 4. HP: 6/25 MP: 1/13
  3462 | D:3      | Reached skill level 1 in Fire Magic
  3940 | D:3      | Slain by an orc

Illustrated notes

Levels and vault maps discovered:
D:1:      amcnicky_arrival_underground_garden, layout_basic,
          basic_ecumenical_altar
D:2:      layout_basic, corexii_shack, grunt_ministairs_8,
          grunt_decor_resistance, moated_statue, grunt_decor_cap,
          minmay_misc_feat_diagonals, minmay_misc_feat_chi, minivault_27
D:3:      layout_loops_cross

Skill      XL: |  1  2  3  4 |
---------------+-------------+-----
Spellcasting   | 5 |  5.9
Fighting       | 1 |  1.0
Armour         | 1 |  1.0
Conjurations   | 2 |  2.4
Fire Magic     | 1 |  1.0
Dodging        | |  2.9
Stealth        | |  2.4
Summonings     | |  1.1
Translocations | |  1.1
Air Magic      | |  0.5

Action                   |  1- 3 |  4- 6 || total
-------------------------+-------+-------++-------
Melee: Dagger            |     1 |       ||     1
       Hand axe          |     9 |     4 ||    13
 Cast: Magic Dart        |    78 |    65 ||   143
       Mephitic Cloud    |     3 |     1 ||     4
       Conjure Flame     |     1 |     1 ||     2
       Call Imp          |       |     2 ||     2
Armor: Robe              |     1 |       ||     1
       Leather armour    |       |     1 ||     1
Dodge: Dodged            |    18 |    20 ||    38

Table legend: (Time is in decaauts)
 A = Elapsed time spent in this place.
 B = Non-inter-level travel time spent in this place.
 C = Inter-level travel time spent in this place.
 D = Time resting spent in this place.
 E = Time spent auto-exploring this place.
 F = Levels seen in this place.
 G = Mean time per level.
                   A        B        C        D        E       F      G
               +--------+--------+--------+--------+--------+-----+--------+
         Total |   3941 |   3844 |     97 |      0 |   3440 |   3 | 1313.7 |
       Dungeon |   3941 |   3844 |     97 |      0 |   3440 |   3 | 1313.7 |
               +--------+--------+--------+--------+--------+-----+--------+

Top non-repeatable levels by time:
     D:2: 1693 daAuts
     D:3: 1141 daAuts
     D:1: 1106 daAuts
